[Event "January 9 Late 2024"]
[Site "https://www.chess.com"]
[Date "2024.01.09"]
[Round "8"]
[White "Chan, Yi Ren Daniel"]
[Black "Adewumi, Tanitoluwa"]
[Result "0-1"]
[Board "34"]
[TimeControl "180+1"]
[WhiteFideId "5801583"]
[BlackFideId "30966396"]
[WhiteElo "2861"]
[BlackElo "2713"]
[WhiteTeam "SGP"]
[BlackTeam "USA"]
[WhiteClock "0:00:19"]
[BlackClock "0:00:16"]

1. e4 c5 2. Nf3 e6 3. d4 cxd4 4. Nxd4 Nf6 5. Nc3 Nc6 6. Be2 d5 7. Nxc6 bxc6 8. Bg5 Be7 9. exd5 cxd5 10. O-O O-O 11. Bd3 Bb7 12. Re1 Rc8 13. Qd2 Re8 14. Rad1 Qb6 15. Qf4 Qxb2 16. Nb5 Qb4 17. Nd4 Nh5 18. Qh4 Bxg5 19. Qxg5 Nf6 20. Nf3 Qg4 21. Qd2 d4 22. Be2 Red8 23. h3 Qg6 24. Rb1 Rxc2 25. Qd1 d3 26. Rxb7 h5 27. Bf1 h4 28. Ne5 Qf5 29. Nxf7 Rf8 30. Qf3 Qxf3 31. gxf3 Rxf7 32. Rb8+ Rf8 33. Rb7 d2 34. Rd1 Nd5 35. Bd3 Rc1 36. Rb1 Rxb1 37. Bxb1 Nc3 38. Rxd2 Nxb1 39. Rd3 Rc8 40. Kg2 Nc3 41. a3 Rc7 42. f4 Nd5 43. f5 Nf4+ 44. Kf3 Nxd3 45. fxe6 Re7 46. Ke4 Nc5+ 47. Kd5 Nxe6 48. Kd6 Kf7 49. f4 Nxf4 50. a4 Nxh3 51. a5 Nf4 52. a6 h3 53. Kc6 h2 54. Kb5 h1=Q 55. Ka5 Qd5+ 56. Kb4 Re4+ 57. Kc3 Ne6 58. Kc2 Qf5 59. Kd1 Qf3+ 60. Kc1 Re3 61. Kd2 Qf2+ 62. Kd1 Re2 63. Kc1 Re1# 0-1

[Event "January 9 Late 2024"]
[Site "https://www.chess.com"]
[Date "2024.01.09"]
[Round "8"]
[White "Niedbala, Bartlomiej"]
[Black "Durarbayli, Vasif"]
[Result "1-0"]
[Board "35"]
[TimeControl "180+1"]
[WhiteFideId "21834008"]
[BlackFideId "13402935"]
[WhiteElo "2689"]
[BlackElo "2857"]
[WhiteTeam "POL"]
[BlackTeam "AZE"]
[WhiteClock "0:00:05"]
[BlackClock "0:00:25"]

1. e4 c5 2. Nf3 d6 3. d4 cxd4 4. Nxd4 Nf6 5. Nc3 Nc6 6. Bg5 Qb6 7. Nb3 e6 8. Bf4 Qd8 9. Qd2 a6 10. O-O-O e5 11. Bg5 Be6 12. Kb1 h6 13. Bh4 g5 14. Bg3 Be7 15. f3 b5 16. Nd5 Bxd5 17. exd5 Nb8 18. Bd3 Nfd7 19. Bf5 Nb6 20. Na5 Qc7 21. Bxe5 dxe5 22. d6 Bxd6 23. Qxd6 Qxd6 24. Rxd6 Na4 25. Rhd1 Ke7 26. R6d5 Kf6 27. Be4 Ra7 28. Rd6+ Kg7 29. R1d5 Re8 30. Rd8 Rae7 31. Rxe8 Rxe8 32. Rd6 Nc5 33. b4 Na4 34. Kc1 Rc8 35. a3 Rc7 36. Rd8 Nd7 37. Ra8 Ndb6 38. Rxa6 Rxc2+ 39. Bxc2 Nd5 40. Bxa4 bxa4 41. Rd6 Ne3 42. Rd8 Nxg2 43. Kb2 Nh4 44. b5 Nxf3 45. b6 Nd4 46. b7 Ne6 47. b8=Q e4 48. Rg8+ Kf6 49. Qb4 Kf5 50. Qe1 Nf4 51. Qf2 Ke5 52. Qc5+ Ke6 53. Qc6+ Kf5 54. Nc4 Nd3+ 55. Kc3 Kf4 56. Qf6+ Kg4 57. Qxf7 Nf4 58. Ne3+ Kf3 59. Nd5 e3 60. Nxf4 gxf4 61. Rg3+ Ke4 62. Rg4 1-0

[Event "January 9 Late 2024"]
[Site "https://www.chess.com"]
[Date "2024.01.09"]
[Round "8"]
[White "Goryachkina, Aleksandra"]
[Black "Beerdsen, Thomas"]
[Result "0-1"]
[Board "36"]
[TimeControl "180+1"]
[WhiteFideId "4147103"]
[BlackFideId "1030108"]
[WhiteElo "2660"]
[BlackElo "2855"]
[WhiteTeam "FID"]
[BlackTeam "NED"]
[WhiteClock "0:00:00"]
[BlackClock "0:01:00"]

1. e4 e5 2. Nf3 Nc6 3. Bc4 Nf6 4. d3 h6 5. c3 d6 6. O-O g5 7. d4 g4 8. Nfd2 exd4 9. cxd4 Nxd4 10. Re1 Bg7 11. Nf1 c5 12. Be3 Nc6 13. Nc3 O-O 14. Ng3 Be6 15. Nd5 Ne5 16. b3 Bxd5 17. Bxd5 Nxd5 18. Qxd5 Qf6 19. Rad1 Rad8 20. Qxb7 a5 21. Qa6 a4 22. Nh5 Qg6 23. Nf4 Qxe4 24. Nd5 Kh7 25. Bxc5 Qg6 26. Nf4 Qf5 27. Be3 axb3 28. axb3 Qf6 29. Nd5 Qg6 30. Nf4 Qf6 31. Nd5 Qf5 32. Nf4 d5 33. Rxd5 Rxd5 34. Nxd5 Nf3+ 35. gxf3 Qxd5 36. fxg4 Qxb3 37. Qa5 f5 38. Qc5 Qa4 39. gxf5 Qg4+ 40. Kf1 Qh3+ 41. Ke2 Qh5+ 42. Kf1 Rxf5 43. Qc2 Qh3+ 44. Ke2 Qf3+ 45. Kf1 Kh8 46. Qc8+ Rf8 47. Qc4 Qh3+ 48. Ke2 Qh5+ 49. Kf1 Qxh2 50. Ke2 Qh5+ 51. Kf1 Qf3 52. Qd3 Qh3+ 53. Ke2 Qf3+ 54. Kf1 Rf7 55. Qc4 Qh3+ 56. Ke2 Qh5+ 57. Kf1 Qf3 58. Qd3 h5 59. Qc4 Qh3+ 60. Ke2 Qf3+ 61. Kf1 Rf5 62. Qc8+ Kh7 63. Qc2 h4 64. Rd1 Qh3+ 65. Ke2 Qf3+ 66. Kf1 h3 67. Rd7 h2 68. Rxg7+ Kxg7 69. Qc7+ Kg6 70. Qxh2 Qxe3 71. Qd6+ Kh5 72. Qh2+ Kg5 73. Qg2+ Kf6 74. Qc6+ Qe6 0-1

[Event "January 9 Late 2024"]
[Site "https://www.chess.com"]
[Date "2024.01.09"]
[Round "8"]
[White "Rangel, Daniel"]
[Black "Remizov, Yaroslav"]
[Result "0-1"]
[Board "37"]
[TimeControl "180+1"]
[WhiteFideId "2124475"]
[BlackFideId "34134015"]
[WhiteElo "2559"]
[BlackElo "2851"]
[WhiteTeam "BRA"]
[BlackTeam "RUS"]
[WhiteClock "0:01:57"]
[BlackClock "0:02:28"]

1. c4 e6 2. g3 d5 3. Bg2 Nf6 4. Nf3 Be7 5. O-O O-O 6. b3 b6 7. Bb2 Bb7 8. d3 c5 9. Nbd2 Nc6 10. e4 dxe4 11. Nxe4 Nb4 12. Nxf6+ Bxf6 13. Bxf6 Qxf6 14. d4 Rad8 15. Qd2 Bxf3 0-1

[Event "January 9 Late 2024"]
[Site "https://www.chess.com"]
[Date "2024.01.09"]
[Round "8"]
[White "Schroeder, Jan-Christian"]
[Black "Martinez Pla, Xavier"]
[Result "1-0"]
[Board "38"]
[TimeControl "180+1"]
[WhiteFideId "24662259"]
[BlackFideId "32074271"]
[WhiteElo "2848"]
[BlackElo "2524"]
[WhiteTeam "GER"]
[BlackTeam "ESP"]
[WhiteClock "0:00:43"]
[BlackClock "0:00:03"]

1. e4 c5 2. Nf3 e6 3. d4 cxd4 4. Nxd4 Nc6 5. Nc3 Qc7 6. Be3 a6 7. Be2 Nf6 8. O-O Be7 9. f4 d6 10. Qe1 Nxd4 11. Bxd4 O-O 12. Qg3 b5 13. Rae1 Bb7 14. a3 Bc6 15. Bf3 Rac8 16. Kh1 a5 17. b4 axb4 18. axb4 Qb7 19. Re3 Rfd8 20. Qf2 Nd7 21. Rd3 Bf8 22. Rfd1 Qb8 23. Qh4 Nb6 24. Bh5 Qb7 25. Rh3 h6 26. Rg3 e5 27. Bxb6 Qxb6 28. f5 Be8 29. Nd5 Qb7 30. c3 Kh8 31. h3 f6 32. Bxe8 Rxe8 33. Qg4 Qf7 34. Qe2 Rb8 35. Kh2 Rec8 36. Ra1 Rb7 37. Ra5 Rcb8 38. Rg6 Be7 39. Qh5 Bd8 40. Ra6 Qf8 41. Ne3 Rc8 42. Ng4 Kh7 43. Ra3 Rbc7 44. Ne3 Rxc3 45. Rxc3 Rxc3 46. Nd5 Rc4 47. Rg3 Rxe4 48. Ra3 Rxb4 49. Nxb4 d5 50. Ra8 Qxb4 51. Qg6+ 1-0

[Event "January 9 Late 2024"]
[Site "https://www.chess.com"]
[Date "2024.01.09"]
[Round "8"]
[White "Pichot, Alan"]
[Black "Maksimovic, Bojan"]
[Result "0-1"]
[Board "39"]
[TimeControl "180+1"]
[WhiteFideId "110973"]
[BlackFideId "14408120"]
[WhiteElo "2846"]
[BlackElo "2845"]
[WhiteTeam "ESP"]
[BlackTeam "BIH"]
[WhiteClock "0:00:18"]
[BlackClock "0:00:06"]

1. e4 a6 2. d4 e6 3. Nf3 d5 4. e5 c5 5. c3 Bd7 6. Bd3 cxd4 7. cxd4 Bb5 8. O-O Nc6 9. Bxb5 axb5 10. Nc3 Qb6 11. h4 Nge7 12. Ne2 b4 13. Ng3 h5 14. Qd3 Qa6 15. Qc2 Rc8 16. Qd1 g6 17. Bg5 Nf5 18. Nxf5 gxf5 19. Bf6 Rh6 20. Ng5 Be7 21. Bxe7 Kxe7 22. a3 Qb6 23. Nf3 Rg6 24. axb4 Rg4 25. b5 Nxd4 26. Nxd4 Qxd4 27. Qxd4 Rxd4 28. Ra7 Rc7 29. b6 Rd7 30. Ra8 Rb4 31. Rc1 f6 32. exf6+ Kxf6 33. Rc7 Rf7 34. Rh8 Rxb6 35. Rc2 Kg6 36. Rg8+ Rg7 37. Rf8 Rf7 38. Rg8+ Rg7 39. Rf8 Rc6 40. Rxc6 bxc6 41. Rc8 Rb7 42. Rxc6 Kf6 43. Rc2 Rb4 44. g3 f4 45. Kg2 Kf5 46. Kf3 Rb3+ 47. Kg2 fxg3 48. fxg3 e5 49. Re2 e4 50. Rf2+ Ke5 51. g4 hxg4 52. h5 Rh3 53. b4 Rxh5 54. b5 Rh6 55. Rb2 Rb6 56. Kg3 Kd4 57. Kxg4 Kc4 58. Kf4 Rxb5 59. Rd2 Rb8 60. Ke3 Rb3+ 61. Kf4 Rd3 62. Ra2 Kd4 63. Ra4+ Kc5 64. Ra3 Rxa3 0-1

[Event "January 9 Late 2024"]
[Site "https://www.chess.com"]
[Date "2024.01.09"]
[Round "8"]
[White "Ezat, Mohamed"]
[Black "Svane, Rasmus"]
[Result "0-1"]
[Board "40"]
[TimeControl "180+1"]
[WhiteFideId "10600906"]
[BlackFideId "4657101"]
[WhiteElo "2492"]
[BlackElo "2992"]
[WhiteTeam "EGY"]
[BlackTeam "GER"]
[WhiteClock "0:00:10"]
[BlackClock "0:00:09"]

1. d4 d5 2. c4 e6 3. Nc3 a6 4. Nf3 dxc4 5. a4 Nc6 6. e3 Na5 7. Nd2 c5 8. Nxc4 Nf6 9. Nxa5 Qxa5 10. Bd3 cxd4 11. exd4 Bb4 12. O-O O-O 13. Ne4 Be7 14. Bg5 Qd8 15. Qe2 Nd5 16. Qh5 Bxg5 17. Qxg5 Bd7 18. Qxd8 Rfxd8 19. Rfc1 Bc6 20. Nc5 Nf4 21. Bf1 Rxd4 22. Nxa6 Bxa4 23. Nc7 Rad8 24. g3 Ng6 25. Bg2 b6 26. Na8 Rb4 27. Nxb6 Rxb6 28. Rxa4 Rxb2 29. Ra7 h6 30. Be4 Ne5 31. Rcc7 Rf8 32. h3 Re2 33. Ra4 Rd2 34. Kg2 Nd7 35. Rc2 Rxc2 36. Bxc2 Nf6 37. Bb3 g6 38. Bd1 Rd8 39. Bf3 Kg7 40. Ra7 Rb8 41. h4 g5 42. hxg5 hxg5 43. g4 Rb4 44. Rc7 Nxg4 45. Rc5 Kf6 46. Bd1 Rf4 47. Bf3 Ne5 48. Ra5 Nxf3 49. Kg3 Ne5 50. f3 Rxf3+ 51. Kg2 Rf5 52. Ra4 Ng6 53. Re4 Nf4+ 54. Kg3 Nd5 55. Kg4 Kg6 56. Rxe6+ fxe6 57. Kg3 e5 58. Kg4 e4 59. Kg3 e3 60. Kg4 e2 61. Kg3 e1=Q+ 62. Kg4 Qh4# 0-1

[Event "January 9 Late 2024"]
[Site "https://www.chess.com"]
[Date "2024.01.09"]
[Round "8"]
[White "Luukkonen, Tommi"]
[Black "Hess, Robert"]
[Result "0-1"]
[Board "41"]
[TimeControl "180+1"]
[WhiteFideId "501808"]
[BlackFideId "2022036"]
[WhiteElo "2413"]
[BlackElo "2908"]
[WhiteTeam "FIN"]
[BlackTeam "USA"]
[WhiteClock "0:00:00"]
[BlackClock "0:00:04"]

1. d4 d6 2. e4 c6 3. Nc3 Qc7 4. f4 e5 5. Nf3 Bg4 6. Be3 Nd7 7. h3 Bh5 8. g4 exf4 9. Bxf4 Bg6 10. Bg2 Qb6 11. O-O Be7 12. Qd2 Ngf6 13. Kh2 Nxe4 14. Nxe4 Bxe4 15. Rae1 d5 16. Ng5 Bxg5 17. Bxe4 Bxf4+ 18. Qxf4 O-O 19. Bd3 Nf6 20. b3 Qd8 21. Qf5 h6 22. g5 hxg5 23. Qxg5 Qd6+ 24. Kh1 Rae8 25. Rg1 Ng4 26. Qxg4 g6 27. Qg5 Kg7 28. Re5 Rh8 29. h4 Rxe5 30. dxe5 Qe6 31. Rg3 Kf8 32. Rf3 Rh5 33. Qd8+ Kg7 34. Qf6+ Qxf6 35. exf6+ Kh6 36. Rh3 Re5 37. Kg2 Kh5 38. Kh2 Re6 39. Rf3 Kg4 40. Kg2 Re8 41. Rg3+ Kxh4 42. c4 Re6 43. cxd5 cxd5 44. Rf3 Kg5 45. Bb5 Rxf6 46. Rd3 Rd6 47. Bc4 d4 48. a4 f5 49. Kf3 Kf6 50. b4 g5 51. b5 Ke5 52. Rd2 Rh6 53. Re2+ Kd6 54. Rg2 Rh3+ 55. Ke2 Re3+ 56. Kd2 g4 57. Bd3 Ke5 58. Rh2 Kf4 59. Rh5 Re5 60. Rh7 g3 61. Rxb7 Kf3 62. Rxa7 g2 63. Rg7 Kf2 64. b6 Re7 65. Rg6 f4 66. a5 f3 67. a6 Re6 0-1

[Event "January 9 Late 2024"]
[Site "https://www.chess.com"]
[Date "2024.01.09"]
[Round "8"]
[White "Schnaider, Ilan"]
[Black "Christiansen, Johan-Sebastian"]
[Result "0-1"]
[Board "42"]
[TimeControl "180+1"]
[WhiteFideId "169013"]
[BlackFideId "1512668"]
[WhiteElo "2728"]
[BlackElo "2900"]
[WhiteTeam "ARG"]
[BlackTeam "NOR"]
[WhiteClock "0:00:00"]
[BlackClock "0:00:05"]

1. e4 e5 2. Nf3 Nc6 3. Bc4 Nf6 4. d3 h6 5. O-O d6 6. a4 g6 7. a5 Bg7 8. a6 b6 9. c3 O-O 10. d4 Bg4 11. Be3 Qe7 12. h3 Bd7 13. Bd5 Rad8 14. Nbd2 Nb8 15. dxe5 dxe5 16. Bc4 c5 17. Qc2 Bc6 18. Rfd1 Kh7 19. Bd3 Rd7 20. Nc4 Ne8 21. Be2 Nc7 22. Rxd7 Nxd7 23. Rd1 Rd8 24. b4 Ne6 25. Na3 Rc8 26. b5 Ba8 27. Bc4 Nf6 28. Bd5 Nxd5 29. exd5 Nf4 30. Bxf4 exf4 31. Nc4 Rd8 32. d6 Qe6 33. Qd3 Be4 34. Qf1 Bd5 35. Nfd2 Bxc3 36. Na3 Rxd6 37. Ndb1 Bd4 38. Nc2 Bc4 39. Qe1 Qxe1+ 40. Rxe1 Bf6 41. Nba3 Bb3 42. Re8 Rd7 0-1

[Event "January 9 Late 2024"]
[Site "https://www.chess.com"]
[Date "2024.01.09"]
[Round "8"]
[White "Tari, Aryan"]
[Black "Agibileg, Uurtsaikh"]
[Result "1-0"]
[Board "43"]
[TimeControl "180+1"]
[WhiteFideId "1510045"]
[BlackFideId "4901606"]
[WhiteElo "2892"]
[BlackElo "2725"]
[WhiteTeam "NOR"]
[BlackTeam "MGL"]
[WhiteClock "0:00:57"]
[BlackClock "0:00:04"]

1. a3 d5 2. Nf3 c5 3. b4 cxb4 4. axb4 e6 5. Bb2 Nf6 6. b5 Be7 7. e3 O-O 8. c4 Nbd7 9. cxd5 exd5 10. Be2 Nc5 11. O-O Bf5 12. d3 h6 13. Nc3 Qd7 14. Ba3 Rfc8 15. Ne5 Qe6 16. Nf3 Qd7 17. Bb2 Bh7 18. Nd4 Ne6 19. Nxe6 Qxe6 20. Bf3 Bb4 21. Ne2 Qd7 22. Bxf6 gxf6 23. Nf4 Qxb5 24. Bxd5 Bd6 25. Qh5 Qe8 26. Qxh6 Bxf4 27. Qxf4 Qd7 28. e4 Qe7 29. Rfb1 Rc7 30. h3 a6 31. Rb6 Kg7 32. d4 Rac8 33. Kh2 Rd7 34. Ra3 Qxa3 35. Qg4+ Kh8 36. Qxd7 Rf8 37. Rxf6 Bg6 38. e5 b5 39. Bxf7 Bxf7 40. Rxf7 Rxf7 41. Qxf7 b4 42. e6 b3 43. e7 Qd6+ 44. f4 1-0

[Event "January 9 Late 2024"]
[Site "https://www.chess.com"]
[Date "2024.01.09"]
[Round "8"]
[White "Sieciechowicz, Marcin"]
[Black "Troff, Kayden"]
[Result "0-1"]
[Board "44"]
[TimeControl "180+1"]
[WhiteFideId "1130170"]
[BlackFideId "2047896"]
[WhiteElo "2697"]
[BlackElo "2830"]
[WhiteTeam "POL"]
[BlackTeam "USA"]
[WhiteClock "0:00:00"]
[BlackClock "0:00:05"]

1. d4 Nf6 2. Bf4 g6 3. e3 Bg7 4. Nf3 d5 5. Bd3 O-O 6. h3 c5 7. c3 Nc6 8. O-O Qb6 9. Qb3 c4 10. Qxb6 axb6 11. Be2 b5 12. a3 b4 13. cxb4 Nxb4 14. Nc3 Nc6 15. Ne5 Na5 16. Bf3 Rd8 17. Rad1 Bf5 18. g4 Be4 19. Be2 Nb3 20. g5 Nd7 21. Nxf7 Kxf7 22. Nxe4 Nb6 23. Nc3 Rac8 24. Bg3 e6 25. Kg2 Rc6 26. h4 Nc8 27. h5 Ne7 28. h6 Bh8 29. Bf4 Nf5 30. Bg4 Rb6 31. Rfe1 Rd7 32. e4 dxe4 33. Rxe4 Rxd4 34. Rde1 Rxe4 35. Nxe4 Nbd4 36. Bc1 Nb3 37. Nd2 Nxc1 38. Rxc1 Rc6 39. Rxc4 Bxb2 40. Rxc6 bxc6 41. Nc4 Bd4 42. a4 Ke7 43. a5 Nd6 44. Nxd6 Kxd6 45. Kf3 c5 46. Ke2 c4 47. Bf3 Kc7 48. Be4 Be5 0-1

[Event "January 9 Late 2024"]
[Site "https://www.chess.com"]
[Date "2024.01.09"]
[Round "8"]
[White "Manolache, Marius"]
[Black "Rustemov, Alexander"]
[Result "1/2-1/2"]
[Board "45"]
[TimeControl "180+1"]
[WhiteFideId "1201530"]
[BlackFideId "4119002"]
[WhiteElo "2695"]
[BlackElo "2814"]
[WhiteTeam "ROU"]
[BlackTeam "RUS"]
[WhiteClock "0:01:01"]
[BlackClock "0:00:36"]

1. d4 d5 2. Nf3 Nf6 3. c4 c6 4. e3 Bg4 5. Nc3 e6 6. a3 Nbd7 7. h3 Bh5 8. cxd5 exd5 9. Bd3 Bd6 10. Qc2 Bg6 11. O-O O-O 12. Re1 Re8 13. Bxg6 hxg6 14. Nd2 Nf8 15. e4 dxe4 16. Ndxe4 Nxe4 17. Rxe4 Nd7 18. Be3 Nf6 19. Rxe8+ Qxe8 20. Qb3 Qd7 21. Rd1 Nd5 22. Nxd5 cxd5 23. Kf1 Be7 24. Rc1 a6 25. Qc2 Bd6 26. Qb3 Qb5+ 27. Qxb5 axb5 28. Bd2 Kf8 29. Ke2 Ke7 30. Kd3 Kd7 31. Bb4 Bxb4 32. axb4 b6 33. Re1 f6 34. h4 Kd6 35. Re3 Rh8 36. Rg3 Rh6 37. Rg4 Ke6 38. g3 Kf7 39. Rf4 Rh8 40. Rf3 Rc8 41. Re3 Rc4 42. b3 Rc1 43. Re2 Rb1 44. Kc3 Rc1+ 45. Kd3 Rb1 46. Kc3 Rc1+ 47. Kd3 1/2-1/2

[Event "January 9 Late 2024"]
[Site "https://www.chess.com"]
[Date "2024.01.10"]
[Round "8"]
[White "Annaberdiyev, Meylis"]
[Black "Stremavicius, Titas"]
[Result "0-1"]
[Board "46"]
[TimeControl "180+1"]
[WhiteFideId "14000563"]
[BlackFideId "12804444"]
[WhiteElo "2677"]
[BlackElo "2805"]
[WhiteTeam "TKM"]
[BlackTeam "LTU"]
[WhiteClock "0:00:00"]
[BlackClock "0:00:17"]

1. e4 c5 2. Nc3 e6 3. f4 a6 4. Nf3 b5 5. d3 Bb7 6. g3 Nf6 7. Bg2 d5 8. e5 Nfd7 9. O-O g6 10. Ne2 Nc6 11. c3 h5 12. d4 c4 13. h3 Qb6 14. Ng5 Be7 15. Kh1 a5 16. Be3 b4 17. Qc2 a4 18. Nxe6 fxe6 19. Qxg6+ Kd8 20. Qxe6 Na5 21. Qf7 bxc3 22. Nxc3 Rf8 23. Qxh5 Qxb2 24. Nxd5 Bxd5 25. Bxd5 Rb8 26. Bg2 Qa3 27. e6 Qxe3 28. Qxa5+ Nb6 29. Rfe1 Qxg3 30. Qe5 Qxf4 31. Rad1 Qxe5 32. Rxe5 Rf2 33. d5 Nc8 34. Re4 c3 35. Rc4 Rbb2 36. Rg1 c2 37. Rc1 Bg5 38. d6 Nxd6 39. e7+ Kxe7 40. Re1+ Kf6 41. Rc6 c1=Q 42. Rxd6+ Kg7 43. Rd7+ Kh6 44. Rd6+ Kh5 45. Rxc1 Bxc1 46. Rd5+ Bg5 0-1

[Event "January 9 Late 2024"]
[Site "https://www.chess.com"]
[Date "2024.01.09"]
[Round "8"]
[White "Vestby-Ellingsen, Mads"]
[Black "Ghasi, Ameet K"]
[Result "1-0"]
[Board "47"]
[TimeControl "180+1"]
[WhiteFideId "1520857"]
[BlackFideId "409200"]
[WhiteElo "2671"]
[BlackElo "2765"]
[WhiteTeam "NOR"]
[BlackTeam "ENG"]
[WhiteClock "0:00:04"]
[BlackClock "0:00:00"]

1. d4 Nf6 2. c4 g6 3. Nc3 Bg7 4. e4 O-O 5. Nf3 d6 6. Be2 e5 7. O-O Bg4 8. Be3 Bxf3 9. Bxf3 exd4 10. Bxd4 Nc6 11. Be3 Re8 12. h3 Nd7 13. Qd2 Nc5 14. Rfe1 Bxc3 15. Qxc3 Nxe4 16. Qc2 Nc5 17. Bxc6 bxc6 18. Bxc5 dxc5 19. Rxe8+ Qxe8 20. Kf1 Qe5 21. g3 Rb8 22. Rb1 Re8 23. Rd1 h5 24. h4 Re7 25. b3 Kh7 26. Qd3 Qb2 27. Qd2 Qe5 28. Qd3 Re6 29. Kg2 Rf6 30. Rd2 Rd6 31. Qc2 Rd4 32. Re2 Qd6 33. Qc3 Rd3 34. Qc1 Qf6 35. Re3 Rd4 36. Rf3 Qd6 37. Rxf7+ Kg8 38. Rf3 Rd3 39. Rxd3 Qxd3 40. Qf4 Qd6 41. Qe4 Kf7 42. Qf3+ Kg7 43. Qe4 a5 44. Kf3 Qf6+ 45. Kg2 Qd6 46. Qe3 Kf7 47. Qc3 Qd4 48. Qf3+ Qf6 49. Qxf6+ Kxf6 50. f3 Ke5 51. Kf2 Kd4 52. g4 Kc3 53. gxh5 gxh5 54. Ke3 Kb2 55. f4 Kxa2 56. f5 Kxb3 57. f6 a4 58. f7 a3 59. f8=Q a2 60. Qf6 Kxc4 61. Kd2 Kb3 62. Qc3+ Ka4 63. Qb2 1-0

[Event "January 9 Late 2024"]
[Site "https://www.chess.com"]
[Date "2024.01.09"]
[Round "8"]
[White "Goltsev, Dmitry"]
[Black "Zavgorodniy, Sergiy"]
[Result "1-0"]
[Board "48"]
[TimeControl "180+1"]
[WhiteFideId "24176710"]
[BlackFideId "14110148"]
[WhiteElo "2754"]
[BlackElo "2630"]
[WhiteTeam "RUS"]
[BlackTeam "UKR"]
[WhiteClock "0:00:52"]
[BlackClock "0:00:00"]

1. e4 c6 2. d4 d5 3. Nc3 dxe4 4. Nxe4 Bf5 5. Ng3 Bg6 6. Nh3 e6 7. Nf4 Bd6 8. c3 Qc7 9. Qf3 Bxf4 10. Bxf4 Qb6 11. O-O-O Nf6 12. h4 h6 13. h5 Bh7 14. Bc4 Nbd7 15. Rhe1 O-O 16. Nf1 Nd5 17. Bd2 c5 18. Bxd5 exd5 19. Qxd5 Rad8 20. Be3 cxd4 21. Bxd4 Qa6 22. Ne3 Nb6 23. Qb3 Rc8 24. Bxb6 axb6 25. Nd5 Kh8 26. Re7 Rcd8 27. c4 b5 28. cxb5 Rc8+ 29. Nc3 Qf6 30. Re2 Qf5 31. Rd5 Qb1+ 32. Kd2 Qf1 33. f3 Rcd8 34. Qd1 Rxd5+ 35. Nxd5 Qxd1+ 36. Kxd1 Ra8 37. Nc3 f6 38. Re7 1-0

[Event "January 9 Late 2024"]
[Site "https://www.chess.com"]
[Date "2024.01.09"]
[Round "8"]
[White "Lin, Bryan Enming"]
[Black "Timmermans, Mark"]
[Result "1-0"]
[Board "49"]
[TimeControl "180+1"]
[WhiteFideId "30987121"]
[BlackFideId "1026399"]
[WhiteElo "2582"]
[BlackElo "2752"]
[WhiteTeam "USA"]
[BlackTeam "NED"]
[WhiteClock "0:00:29"]
[BlackClock "0:00:11"]

1. e4 e5 2. Nf3 Nc6 3. Nc3 Nf6 4. a3 Be7 5. d4 exd4 6. Nxd4 O-O 7. Nxc6 bxc6 8. e5 Ne8 9. Bd3 d6 10. exd6 cxd6 11. O-O d5 12. Re1 Nf6 13. h3 Re8 14. Bf4 Be6 15. Qf3 Nd7 16. Re2 Nf8 17. Rae1 a5 18. Be5 Bd6 19. Na4 Bxe5 20. Rxe5 Qd6 21. Qg3 c5 22. c4 Bd7 23. Rxe8 Qxg3 24. fxg3 Bxe8 25. Nxc5 dxc4 26. Bxc4 Rc8 27. b4 axb4 28. axb4 Rb8 29. Rb1 Ng6 30. b5 Ne5 31. Bf1 Rc8 32. Na6 Bxb5 33. Rxb5 f6 34. Rb8 Rxb8 35. Nxb8 Kf7 36. Na6 h5 37. Nc5 g5 38. Ne4 Ng6 39. Bc4+ Ke7 40. Be2 h4 41. gxh4 Nxh4 42. Kf2 Ke6 43. Bg4+ Ke5 44. Ng3 f5 45. Nxf5 Nxf5 46. Bxf5 Kxf5 47. Kf3 Kf6 48. Kg4 Kg6 49. g3 Kf6 50. Kh5 Kf5 51. g4+ 1-0

[Event "January 9 Late 2024"]
[Site "https://www.chess.com"]
[Date "2024.01.09"]
[Round "8"]
[White "Korchmar, Vasiliy"]
[Black "Dubnevych, Maksym"]
[Result "1-0"]
[Board "50"]
[TimeControl "180+1"]
[WhiteFideId "24131750"]
[BlackFideId "14184001"]
[WhiteElo "2749"]
[BlackElo "2563"]
[WhiteTeam "RUS"]
[BlackTeam "UKR"]
[WhiteClock "0:00:36"]
[BlackClock "0:00:04"]

1. e4 c5 2. d4 cxd4 3. Qxd4 Nc6 4. Qd3 g6 5. Nc3 Bg7 6. Nf3 d6 7. Be2 Nf6 8. O-O O-O 9. Nd5 Nd7 10. c3 Nc5 11. Qc2 f5 12. exf5 gxf5 13. Bg5 Qd7 14. Bb5 e6 15. Nf4 Ne4 16. Rfe1 Qc7 17. Nh5 Bh8 18. Bh6 Qf7 19. Ng3 Nxg3 20. Bxf8 Ne4 21. Bh6 Qg6 22. Bf4 e5 23. Bg3 Be6 24. Bd3 d5 25. Nh4 Qg5 26. f3 Nxg3 27. hxg3 e4 28. Qf2 Re8 29. Bb5 a6 30. Ba4 Bf6 31. Rad1 Bd7 32. Bb3 Ne7 33. Bxd5+ Nxd5 34. Rxd5 Be6 35. Rc5 Be7 36. Re5 Bd6 37. R1xe4 fxe4 38. Rxg5+ Kh8 39. fxe4 1-0

[Event "January 9 Late 2024"]
[Site "https://www.chess.com"]
[Date "2024.01.09"]
[Round "8"]
[White "Dilmukhametov, Artur"]
[Black "Mekhitarian, Krikor Sevag"]
[Result "0-1"]
[Board "51"]
[TimeControl "180+1"]
[WhiteFideId "24179922"]
[BlackFideId "2107660"]
[WhiteElo "2338"]
[BlackElo "2746"]
[WhiteTeam "RUS"]
[BlackTeam "BRA"]
[WhiteClock "0:00:00"]
[BlackClock "0:00:02"]

1. e4 e6 2. d4 d5 3. Nd2 c5 4. exd5 Qxd5 5. Ngf3 cxd4 6. Bc4 Qd7 7. O-O Nc6 8. Nb3 a6 9. Nbxd4 Nxd4 10. Nxd4 Qc7 11. Bb3 Bd6 12. h3 Ne7 13. c3 O-O 14. Qf3 e5 15. Nc2 Kh8 16. Bg5 f6 17. Bh4 Nf5 18. Bg3 Nxg3 19. Qxg3 e4 20. Qh4 f5 21. Nd4 Bd7 22. Rfe1 Rae8 23. Rad1 Bh2+ 24. Kh1 Be5 25. Rd2 Rf6 26. Qh5 g6 27. Qh4 Kg7 28. Red1 Bc8 29. Ne2 Ref8 30. Rd5 Be6 31. R5d2 Bc8 32. Bd5 b5 33. a4 bxa4 34. Nd4 Rd8 35. Ba2 Rfd6 36. Kg1 Bf6 37. Qf4 Kh8 38. Nxf5 Rxd2 39. Qxc7 Rxd1+ 40. Kh2 Bxf5 41. g4 Bc8 42. Kg2 Bg7 0-1

[Event "January 9 Late 2024"]
[Site "https://www.chess.com"]
[Date "2024.01.10"]
[Round "8"]
[White "Sargsyan, Shant"]
[Black "Otero Marino, Alain"]
[Result "1/2-1/2"]
[Board "52"]
[TimeControl "180+1"]
[WhiteFideId "13306766"]
[BlackFideId "3524876"]
[WhiteElo "2880"]
[BlackElo "2558"]
[WhiteTeam "ARM"]
[BlackTeam "CUB"]
[WhiteClock "0:00:02"]
[BlackClock "0:00:21"]

1. b4 e6 2. Bb2 d5 3. Nf3 Nf6 4. a3 Be7 5. e3 O-O 6. g4 c5 7. g5 Ne8 8. bxc5 Bxc5 9. h4 Be7 10. h5 f6 11. h6 g6 12. gxf6 Bxf6 13. Nc3 Nc6 14. Bh3 e5 15. e4 d4 16. Nd5 Bxh3 17. Rxh3 Nc7 18. Nxc7 Qxc7 19. Qe2 Qf7 20. O-O-O Na5 21. Ne1 Nc4 22. Rb3 Nxb2 23. Kxb2 b6 24. Nd3 Rac8 25. Rc1 Qc7 26. c4 dxc3+ 27. Rbxc3 Qd7 28. Nb4 Rxc3 29. Rxc3 Bg5 30. Nd5 Rc8 31. Qd3 Kf7 32. Qf3+ Kg8 33. Qg3 Rxc3 34. Qxc3 Kf7 35. Qxe5 Bxh6 36. Kc1 Bg7 37. Qf4+ Kg8 38. Qb8+ Kf7 39. Qf4+ Kg8 40. Kd1 h5 41. Ke2 Qb5+ 42. d3 Qb2+ 43. Kf3 Qxa3 44. Qe3 Qd6 45. Kg2 Qe6 46. Kf1 Kh7 47. Qg3 a5 48. Qc7 a4 49. Qa7 b5 50. f4 h4 51. Kf2 Kh6 52. Qe3 Qg4 53. f5+ g5 54. f6 Qg3+ 55. Qxg3 hxg3+ 56. Kxg3 Bxf6 57. Nxf6 a3 58. Ng4+ Kg7 59. Ne3 b4 60. Nc2 a2 61. Na1 Kf6 62. d4 Ke6 63. Kg4 Kd6 64. Kxg5 Kc6 65. e5 Kd5 66. Kf6 Kxd4 67. e6 Kc3 68. e7 Kb2 69. e8=Q Kxa1 70. Qe1+ Kb2 71. Qd2+ Kb1 72. Qd3+ Kb2 73. Qd4+ Kb1 74. Qe4+ Kb2 75. Qe2+ Kb1 76. Qe1+ Kb2 77. Qf2+ Kb1 78. Qf5+ Kb2 79. Qe5+ Kb1 80. Qe4+ Kb2 81. Qd4+ Kb1 82. Qxb4+ Ka1 83. Qe1+ Kb2 84. Qd2+ Kb1 85. Qxa2+ Kxa2 1/2-1/2

[Event "January 9 Late 2024"]
[Site "https://www.chess.com"]
[Date "2024.01.09"]
[Round "8"]
[White "Zubritskiy, Artyom"]
[Black "Zarnicki, Pablo"]
[Result "0-1"]
[Board "53"]
[TimeControl "180+1"]
[WhiteFideId "4181247"]
[BlackFideId "100137"]
[WhiteElo "2781"]
[BlackElo "2558"]
[WhiteTeam "FID"]
[BlackTeam "ARG"]
[WhiteClock "0:00:09"]
[BlackClock "0:00:36"]

1. e4 e5 2. d4 exd4 3. f4 d5 4. e5 c5 5. Nf3 Nc6 6. a3 Bf5 7. b4 cxb4 8. axb4 Bxb4+ 9. Kf2 Nh6 10. h3 O-O 11. g4 Be4 12. Bd3 Be7 13. Nbd2 f5 14. exf6 Bxf6 15. Nxe4 dxe4 16. Bxe4 Nf7 17. g5 Be7 18. Qd3 Nd6 19. Bxh7+ Kh8 20. Bd2 Bxg5 21. fxg5 Ne5 22. Kg2 Nxd3 23. Bxd3 Nf5 24. Ne5 Qd5+ 0-1